 Dungeon Crawl Stone Soup version 0.32-a0-629-g87aaac5c70 (webtiles) character file.

Game seed: 8417758167707832362

445 Essalna the Digger (level 7, -9/40 HPs)
             Began as a Gargoyle Earth Elementalist on Mar 6, 2024.
             Killed by divine providence
             ... invoked by an orc priest
              (12 damage)
             ... on level 4 of the Dungeon.
             The game lasted 00:03:59 (3030 turns).

Essalna the Digger (Gargoyle Earth Elementalist)    Turns: 3030, Time: 00:03:59

Health: -9/40      AC:  9    Str: 11    XL:     7   Next: 3%
Magic:  2/12       EV: 12    Int: 18    God:
Gold:   137        SH:  0    Dex: 10    Spells: 6/13 levels left

rFire   . . .        k - +1 dagger (venom)
rCold   + . .        (no shield)
rNeg    + . .        a - +0 robe
rPois   ∞            (no helmet)
rElec   +            (no cloak)
rCorr   .            g - +0 pair of gloves
SInv    .            f - +0 pair of boots
Will    .....        (no amulet)
Stlth   ++           h - ring of protection from cold
HPRegen 0.26/turn    (no ring)
MPRegen 0.13/turn

%: no passive effects
@: no status effects
A: sickness immunity, AC +4, negative energy resistance 1, electricity
resistance, torment resistance 1, petrification resistance
a: Convert to Beogh


You were on level 4 of the Dungeon.
You visited 1 branch of the dungeon, and saw 4 of its levels.

You collected 137 gold pieces.

Inventory:

Hand Weapons
 d - a +0 whip
 k - a +1 dagger of venom (weapon)
 v - a +1 scimitar of holy wrath
Missiles
 i - a throwing net
Armour
 a - a +0 robe (worn)
 f - a +0 pair of boots (worn)
 g - a +0 pair of gloves (worn)
Magical Staves
 j - a staff of fire
Jewellery
 h - a ring of protection from cold (left hand)
Scrolls
 c - a scroll of blinking {unknown}
 l - a scroll of enchant armour {unknown}
 n - a scroll of teleportation {unknown}
 p - a scroll of summoning {unknown}
 q - a scroll of enchant weapon {unknown}
 r - a scroll of acquirement {unknown}
 t - a scroll of silence {unknown}
Potions
 b - a potion of magic
 e - 2 potions of heal wounds {unknown}
 m - a potion of brilliance {unknown}
 o - 2 potions of curing {unknown}
 s - a potion of mutation {unknown}
 u - a potion of enlightenment {unknown}


   Skills:
 + Level 2.1 Fighting
 + Level 2.2 Armour
 + Level 2.4 Dodging
 - Level 2.1 Stealth
 + Level 3.7 Spellcasting
 + Level 3.6 Conjurations
 + Level 5.3 Earth Magic


You had 6 spell levels left.
You knew the following spells:

 Your Spells              Type           Power      Damage    Failure   Level
a - Sandblast             Erth           44%        2d11      1%          1
b - Stone Arrow           Conj/Erth      38%        3d9       8%          3
c - Passwall              Erth           22%        N/A       4%          3

Your spell library contained the following spells:

 Spells                   Type           Power      Damage    Failure   Level
 Brom's Barrelling Bould  Conj/Erth      19%        2d4       24%         4
 Petrify                  Alch/Erth      12%        N/A       45%         4


Dungeon Overview and Level Annotations

Branches:
Dungeon (4/15)
 Temple: D:4-7

Altars:


Innate Abilities, Weirdness & Mutations

You are immune to sickness and miasma.
Your stone body is resilient. (AC +4)
You are immune to poison.
You resist negative energy. (rN+)
You are resistant to electric shocks. (rElec)
You are resistant to unholy torment.
You are immune to petrification.


Message History

The orc priest closely misses you.
The orc priest shouts, "Beogh offers mercy even to people such as you.
Join us and be reborn!" (press Y on the ability menu to convert to Beogh)
Casting: Sandblast (safe; 1% risk of failure)
Confirm with . or Enter, or press ? or * to list all spells.
Aiming: Sandblast (safe; 1% risk of failure)
Press: ? - help, Shift-Dir - straight line, f/p - orc priest
Aim: an orc priest, wielding a +0 trident and wearing a +2 ring mail of positive energy (85% to hit)
The blast of sand hits the orc priest but does no damage.
The orc priest shouts, "The Pantheon deserves no one's loyalty.
Let us show you the true path!"
The orc priest mumbles some strange prayers to Beogh against you.
Pain shoots through your body!
Casting: Sandblast (safe; 1% risk of failure)
Confirm with . or Enter, or press ? or * to list all spells.
Aiming: Sandblast (safe; 1% risk of failure)
Press: ? - help, Shift-Dir - straight line, f/p - orc priest
Aim: an orc priest, wielding a +0 trident and wearing a +2 ring mail of positive energy (85% to hit)
The blast of sand hits the orc priest.
The orc priest is moderately wounded.
The orc priest shouts, "The Pantheon deserves no one's loyalty.
Let us show you the true path!"
The orc priest hits you from afar with a +0 trident. x2
Casting: Sandblast (safe; 1% risk of failure)
Confirm with . or Enter, or press ? or * to list all spells.
Aiming: Sandblast (safe; 1% risk of failure)
Press: ? - help, Shift-Dir - straight line, f/p - orc priest
Aim: an orc priest, wielding a +0 trident and wearing a +2 ring mail of positive energy (moderately wounded, 85% to hit)
The blast of sand hits the orc priest.
The orc priest is severely wounded.
The orc priest mumbles some strange prayers to Beogh against you.
Beogh smites you!
* * * LOW HITPOINT WARNING * * *
Casting: Sandblast (safe; 1% risk of failure)
Confirm with . or Enter, or press ? or * to list all spells.
Aiming: Sandblast (safe; 1% risk of failure)
Press: ? - help, Shift-Dir - straight line, f/p - orc priest
Aim: an orc priest, wielding a +0 trident and wearing a +2 ring mail of positive energy (severely wounded, 85% to hit)
The blast of sand misses the orc priest.
The orc priest invokes the aid of Beogh against you.
Beogh smites you!
You die...

.#########
.........#
.........#
.....o...#
..>....@.#
........)#####
+#......)[..<#
#.###########
#


You could see an orc priest.

Vanquished Creatures
  Grinder (D:3)
  Blork the orc (D:4)
  An orc priest (D:4)
  6 adders
  4 dart slugs
  4 ribbon worms
  4 orcs
  6 ball pythons
  9 bats
  9 endoplasms
  2 giant cockroaches
  5 goblins
  7 hobgoblins
  2 jackals (D:1)
  A quokka (D:2)
  3 frilled lizards
  6 kobolds
  8 rats
79 creatures vanquished.

Notes
Turn   | Place    | Note
-------+----------+-------------------------------------------
     0 | D:1      | Essalna the Gargoyle Earth Elementalist began the quest for
                  | the Orb.
     0 | D:1      | Reached XP level 1. HP: 10/10 MP: 3/3
   187 | D:1      | Reached XP level 2. HP: 15/15 MP: 3/5
   306 | D:1      | Reached skill level 4 in Earth Magic
   351 | D:1      | Reached XP level 3. HP: 19/19 MP: 0/6
  1120 | D:2      | Reached XP level 4. HP: 24/24 MP: 6/8
  1687 | D:2      | Learned a level 3 spell: Stone Arrow
  1701 | D:2      | Learned a level 3 spell: Passwall
  2303 | D:3      | Reached XP level 5. HP: 28/28 MP: 5/9
  2786 | D:3      | Reached skill level 1 in Armour
  2813 | D:3      | Noticed Grinder
  2819 | D:3      | Paralysed by Grinder for 4 turns
  2824 | D:3      | Killed Grinder
  2825 | D:3      | Reached skill level 1 in Fighting
  2825 | D:3      | Reached skill level 5 in Earth Magic
  2825 | D:3      | Reached XP level 6. HP: 18/35 MP: 2/11
  2992 | D:4      | Noticed Blork the orc
  2996 | D:4      | Killed Blork the orc
  3001 | D:4      | Reached XP level 7. HP: 40/40 MP: 7/12
  3030 | D:4      | Killed from afar by an orc priest

Illustrated notes

Levels and vault maps discovered:
D:1:      amcnicky_arrival_choice, layout_loops_ring, nrook_uturn,
          hangedman_abyss_or_decor_lesser_grid
D:2:      layout_basic
D:3:      layout_basic, nicolae_wormholes, uniq_grinder
D:4:      layout_basic, temple_statues, gammafunk_ghost_abyssal_escape,
          uniq_blork_the_orc

Skill      XL: |  1  2  3  4  5  6 |
---------------+-------------------+-----
Earth Magic    | 4 5 |  5.3
Conjurations   | 2 3 |  3.6
Spellcasting   | 3 |  3.7
Armour         | 1 2 |  2.2
Fighting       | 1 2 |  2.1
Dodging        | 2 |  2.4
Stealth        | |  2.1

Action                     |  1- 3 |  4- 6 |  7- 9 || total
---------------------------+-------+-------+-------++-------
  Melee: Unarmed           |     5 |       |       ||     5
         Dagger            |    10 |     3 |       ||    13
         Whip              |     4 |       |       ||     4
   Cast: Sandblast         |    44 |    69 |     9 ||   122
 Armour: Robe              |    15 |    24 |     4 ||    43
  Dodge: Dodged            |    13 |    17 |     1 ||    31

Table legend: (Time is in decaauts)
 A = Elapsed time spent in this place.
 B = Non-inter-level travel time spent in this place.
 C = Inter-level travel time spent in this place.
 D = Time resting spent in this place.
 E = Time spent auto-exploring this place.
 F = Levels seen in this place.
 G = Mean time per level.
                   A        B        C        D        E       F      G
               +--------+--------+--------+--------+--------+-----+--------+
         Total |   3088 |   2975 |    113 |      0 |   2529 |   4 |  772.0 |
       Dungeon |   3088 |   2975 |    113 |      0 |   2529 |   4 |  772.0 |
               +--------+--------+--------+--------+--------+-----+--------+

Top non-repeatable levels by time:
     D:3: 1273 daAuts
     D:1: 975 daAuts
     D:2: 792 daAuts
     D:4: 46 daAuts
